 Dungeon Crawl Stone Soup version 0.27.1-33-g824d729ab1 (webtiles) character file.

Game seed: 10538533708203376683

235 zeram the Chopper (level 6, 0/51 HPs)
             Began as a Hill Orc Fighter on Nov 27, 2021.
             Slain by an iguana (7 damage)
             ... on level 5 of the Dungeon.
             The game lasted 00:04:52 (2897 turns).

zeram the Chopper (Hill Orc Fighter)                Turns: 2897, Time: 00:04:53

Health: 0/51       AC:  7    Str: 21    XL:     6   Next: 5%
Magic:  6/6        EV:  7    Int:  8    God:
Gold:   94         SH:  9    Dex: 10    Spells: 5/5 levels left

rFire    . . .     SeeInvis .   a - +0 war axe (drain)
rCold    . . .     Faith    .   c - +0 kite shield
rNeg     . . .     Spirit   .   b - +0 scale mail
rPois    .         Reflect  .   (no helmet)
rElec    .         Harm     .   (no cloak)
rCorr    +         Rampage  .   (no gloves)
Will     .....                  (no boots)
Stlth    ..........             (no amulet)
HPRegen  0.17/turn              e - ring of resist corrosion
MPRegen  0.10/turn              (no ring)

@: mighty, very slightly contaminated, invisible
A: no striking features
a: no special abilities


You were on level 5 of the Dungeon.
You visited 1 branch of the dungeon, and saw 5 of its levels.

You collected 94 gold pieces.

Inventory:

Hand Weapons
 a - a +0 war axe of draining (weapon)
Armour
 b - a +0 scale mail (worn)
 c - a +0 kite shield (worn)
Jewellery
 e - a ring of resist corrosion (left hand)
Potions
 d - a potion of might
 f - a potion of curing
 h - a potion of degeneration {unknown}
 i - a potion of mutation {unknown}
 j - a potion of lignification {unknown}


   Skills:
 - Level 3.6 Fighting
 + Level 5.9 Axes
 + Level 4.7 Armour
 + Level 4.4 Shields


You had 5 spell levels left.
You didn't know any spells.
Your spell library contained the following spells:

 Spells                   Type           Power      Damage    Failure   Level
 Sting                    Tmut/Pois      0%         1d3       99%         1
 Poisonous Vapours        Pois/Air       0%         N/A       100%        2
 Static Discharge         Conj/Air       0%         N/A       100%        2
 Frozen Ramparts          Ice            0%         1d2       100%        3
 Ice Form                 Ice/Tmut       0%         N/A       100%        4
 Olgreb's Toxic Radiance  Pois           0%         N/A       100%        4
 Summon Ice Beast         Ice/Summ       0%         N/A       100%        4
 Lightning Bolt           Conj/Air       0%         1d11      100%        5
 Maxwell's Capacitive Co  Air            0%         ∞         100%        8


Dungeon Overview and Level Annotations

Branches:
Dungeon (5/15)
 Temple: D:4-7

Altars:
Kikubaaqudgha

Shops:
D:2 [


Message History

You slash the orc!
You kill the orc!
You closely miss something. You barely miss the orc warrior.
Your surroundings suddenly seem different.
Unknown command.
You see here a ball python corpse.
The orc priest invokes the aid of Beogh against you.
Pain shoots through your body!
The orc wizard gestures wildly while chanting.
The orc wizard flickers and vanishes!
There is a stone staircase leading down here.
You climb downwards.
Reactivating autopickup.
You block the hound's attack. The centaur skeleton barely misses you.
The centaur skeleton kicks you but does no damage.
The iguana bites you!
* * * LOW HITPOINT WARNING * * *
The hound bites you but does no damage.
You block the centaur skeleton's attack.
The centaur skeleton kicks you but does no damage.
There is a stone staircase leading up here.
It was a potion of curing.
You feel better. The hound bites you. The iguana barely misses you.
You block the centaur skeleton's attack.
The centaur skeleton closely misses you.
The hound closely misses you.
It was a potion of invisibility.
You fade into invisibility!
The centaur skeleton hits you but does no damage.
You block the centaur skeleton's attack.
The iguana bites you!
* * * LOW HITPOINT WARNING * * *
The hound bites you.
* * * LOW HITPOINT WARNING * * *
The centaur skeleton completely misses you. x2
You are very lightly contaminated with residual magic.
You aren't carrying any scrolls.
Unknown command.
The iguana bites you!
You die...

....... .......
####.......
###..........
##............
#.......$.....
##...........#
##.....@.?h..#
##......hl....#
#.......!Z.....#
#...............#
#................
#.$......#.#####$
#........#(!.
##.......#.#..
##..$...#.#._.


You could see a black bear, an iguana, a hound and a centaur skeleton.

Vanquished Creatures
  A scorpion (D:4)
  A hound (D:4)
  An adder (D:4)
  4 gnolls
  3 worms
  3 dart slugs
  3 orcs
  3 bats
  6 endoplasms
  3 giant cockroaches
  8 goblins
  7 hobgoblins
  4 jackals (D:2)
  3 kobolds
  6 quokkas
  8 ball pythons
  3 frilled lizards
  8 rats
75 creatures vanquished.

Notes
Turn   | Place    | Note
-------+----------+-------------------------------------------
     0 | D:1      | zeram the Hill Orc Fighter began the quest for the Orb.
     0 | D:1      | Reached XP level 1. HP: 19/19 MP: 1/1
    59 | D:1      | Reached XP level 2. HP: 26/26 MP: 2/2
    76 | D:1      | Reached skill level 3 in Axes
   372 | D:1      | Reached XP level 3. HP: 24/31 MP: 3/3
   964 | D:1      | Reached skill level 4 in Axes
  1393 | D:2      | Reached XP level 4. HP: 23/39 MP: 4/4
  1743 | D:2      | Found Unequ's Antique Armour Shoppe.
  2452 | D:3      | Reached XP level 5. HP: 39/45 MP: 5/5
  2603 | D:3      | Reached skill level 5 in Axes
  2687 | D:3      | You fall into a shaft and drop 2 floors!
  2687 | D:5      | Entered Level 5 of the Dungeon
  2692 | D:5      | Found an ancient bone altar of Kikubaaqudgha.
  2694 | D:5      | Noticed a black bear
  2802 | D:4      | Reached XP level 6. HP: 40/51 MP: 6/6
  2866 | D:4      | Noticed an orc warrior
  2897 | D:5      | Slain by an iguana

Illustrated notes

Levels and vault maps discovered:
D:1:      minmay_arrival_five_plusses, layout_rooms, grunt_decor_cap,
          minmay_bisected
D:2:      layout_basic, serial_shops, nicolae_square_shop, minmay_goblin_outpost
D:3:      layout_loops_cross, guppyfry_early_lair_pool
D:4:      layout_basic, eat_drink_and_be_merry_uskayaw, minmay_box_of_dots,
          uniq_pikel
D:5:      layout_rooms, nicolae_dithmenos_shadow_blocks,
          mainiacjoe_overflow_cross_hatched, old_standard_altar

Skill      XL: |  1  2  3  4  5 |
---------------+----------------+-----
Axes           | 3 4 5 |  5.9
Armour         | 4 |  4.7
Shields        | 4 |  4.4
Fighting       | |  3.6

Action                   |  1- 3 |  4- 6 || total
-------------------------+-------+-------++-------
Melee: War axe           |    74 |   108 ||   182
  Use: Scroll            |     1 |     3 ||     4
       Potion            |       |     3 ||     3
Armor: Scale mail        |    37 |    66 ||   103
Dodge: Dodged            |    35 |    48 ||    83
Block: Kite shield       |    55 |    84 ||   139
